 Dungeon Crawl Stone Soup version 0.21.1-1-g345015fe64 (webtiles) character file.

318 Peloso the Slasher (level 6, -1/53 HPs)
             Began as a Minotaur Fighter on June 8, 2018.
             Slain by an ogre
             ... wielding a +0 giant club
              (13 damage)
             ... on level 3 of the Dungeon.
             The game lasted 00:04:42 (2371 turns).

Peloso the Slasher (Minotaur Fighter)               Turns: 2371, Time: 00:04:43

Health: -1/53      AC: 13    Str: 21    XL:     6   Next: 21%
Magic:  5/5        EV:  4    Int:  5    God:
Gold:   155        SH: 10    Dex: 11    Spells: 5/5 levels left

rFire    . . .     SeeInvis +   a - +0 long sword
rCold    . . .     Gourm    .   c - +0 shield
rNeg     . . .     Faith    .   b - +0 plate armour
rPois    .         Spirit   .   (helmet restricted)
rElec    .         Reflect  .   (no cloak)
rCorr    .         Harm     .   h - +0 pair of gloves
MR       .....                  (no boots)
Stlth    ..........             (no amulet)
HPRegen  0.17/turn              i - ring of flight
MPRegen  0.09/turn              s - ring of see invisible

@: no status effects
A: retaliatory headbutt, horns 2
a: Evoke Flight


You were on level 3 of the Dungeon.
You were near starving.

You visited 1 branch of the dungeon, and saw 4 of its levels.

You collected 155 gold pieces.

Inventory:

Hand Weapons
 a - a +0 long sword (weapon)
Missiles
 r - 22 bolts
Armour
 b - a +0 plate armour (worn)
 c - a +0 shield (worn)
 h - a +0 pair of gloves (worn)
Jewellery
 i - a ring of flight (left hand)
 s - a ring of see invisible (right hand)
Wands
 p - a wand of paralysis (14)
Scrolls
 e - 2 scrolls of fog {unknown}
 g - 5 scrolls of teleportation {unknown}
 j - a scroll of amnesia {unknown}
 k - 2 scrolls of identify {unknown}
 l - 2 scrolls of immolation {unknown}
 q - 4 scrolls of remove curse {unknown}
Potions
 d - 2 potions of might
 m - a potion of berserk rage {unknown}
 n - 2 potions of flight {unknown}
 t - a potion of lignification {unknown}
 u - a potion of curing {unknown}
Comestibles
 f - 7 rations


   Skills:
 + Level 4.5 Fighting
 + Level 5.5 Long Blades
 + Level 4.7 Armour
 + Level 0.9 Dodging
 + Level 5.1 Shields


You had 5 spell levels left.
You didn't know any spells.

Dungeon Overview and Level Annotations

Branches:
Dungeon (4/15)
 Temple: D:4-7

Altars:
Cheibriados
Trog

Annotations:
D:3 2 transporters


Innate Abilities, Weirdness & Mutations

You reflexively headbutt those who attack you in melee.
You have a pair of horns on your head.


Message History

The ogre is moderately wounded.
The ogre hits you with a giant club!
You hit the ogre. You headbutt the ogre!
The ogre is severely wounded.
You block the ogre's attack.
Your shield and plate armour prevent you from hitting the ogre.
The ogre is heavily wounded.
The ogre barely misses you.
You hit the ogre.
The ogre is severely wounded.
The ogre barely misses you.
Your shield and plate armour prevent you from hitting the ogre.
Your headbutt misses the ogre.
The ogre is severely wounded.
The ogre hits you with a giant club!
* * * LOW HITPOINT WARNING * * *
Your plate armour prevents you from hitting the ogre.
The ogre is severely wounded.
The ogre hits you with a giant club!
You die...

####.###......##.#
#####.# #..........
#.....# #.)...###.#
#.##### #...[.###..
#.#############....
#.##.......##......
#.##.#####.##.#.#..
#.##.#####.##.#.##.
#.@Oo>...........#.
####l#####.##.#....
#.#####.##.#...#
#.......##...#..
############...#
#####


You could see an ogre, an iguana and an orc.

Vanquished Creatures
  An ice beast (D:3)
  A howler monkey (D:3)
  A bullfrog zombie (D:3)
  A hound (D:3)
  2 worker ants (D:4)
  2 adders
  2 worms (D:3)
  A dart slug (D:1)
  A leopard gecko (D:3)
  An orc (D:3)
  8 bats
  3 giant cockroaches
  4 goblins
  3 hobgoblins
  6 jackals
  6 kobolds
  A quokka (D:2)
  A ball python (D:3)
  4 frilled lizards
  12 rats
61 creatures vanquished.

Notes
Turn   | Place    | Note
-------+----------+-------------------------------------------
     0 | D:1      | Peloso the Minotaur Fighter began the quest for the Orb.
     0 | D:1      | Reached XP level 1. HP: 19/19 MP: 0/0
    77 | D:1      | Reached XP level 2. HP: 20/27 MP: 1/1
   799 | D:2      | Reached XP level 3. HP: 32/33 MP: 2/2
  1254 | D:3      | Reached XP level 4. HP: 36/40 MP: 3/3
  1273 | D:3      | Noticed a hungry ghost
  1274 | D:3      | Found a snail-covered altar of Cheibriados.
  1274 | D:3      | Noticed a two-headed ogre
  1275 | D:3      | Found a transporter.
  1276 | D:3      | Noticed a green ugly thing
  1278 | D:3      | Noticed a phantom
  1281 | D:3      | Found a transporter.
  1427 | D:3      | Noticed an ice beast
  1437 | D:3      | Killed an ice beast
  1437 | D:3      | Reached XP level 5. HP: 33/46 MP: 4/4
  1513 | D:3      | Noticed a moth of wrath
  1515 | D:3      | Found a bloodstained altar of Trog.
  1983 | D:4      | Reached skill level 5 in Shields
  2015 | D:4      | Reached skill level 5 in Long Blades
  2088 | D:4      | Noticed an ogre
  2125 | D:3      | Reached XP level 6. HP: 15/53 MP: 5/5
  2371 | D:3      | Slain by an ogre

Skill      XL: |  1  2  3  4  5 |
---------------+----------------+-----
Shields        | 4 5 |  5.1
Armour         | 4 |  4.7
Fighting       | 4 |  4.5
Long Blades    | 3 4 5 |  5.5
Dodging        | |  0.9

Action                   |  1- 3 |  4- 6 || total
-------------------------+-------+-------++-------
Melee: Long sword        |    96 |    86 ||   182
       Headbutt          |    15 |    15 ||    30
  Eat: Chunk             |     1 |     2 ||     3
Armor: Scale mail        |    21 |       ||    21
       Plate armour      |    54 |    40 ||    94
Dodge: Dodged            |    28 |    22 ||    50
Block: Shield            |    76 |    43 ||   119
       Rpst.: Long sword |     6 |     3 ||     9
